Map: Ancient Cistern LE

Players

DeadGame

  • Race: Protoss Protoss
  • League: Diamond
  • Spawn Location: 1:00

SueGhan - Winner!

  • Race: Protoss Protoss
  • League: Diamond
  • Spawn Location: 7:00

VOD

Have the link to the VOD?

Description

Time

  • Played on: Aug. 28, 2023, 11:44 p.m.
  • Length: 3:50
Show
View Real Time Build Order
Export as new Build Order

DeadGame Protoss 

Build Orders:  

Get SALT Encoding   

  12  0:00  Probe (Chrono Boost)  
  13  0:09  Probe (Chrono Boost)  
  14  0:17  Pylon  
  14  0:20  Probe  
  15  0:35  Probe  
  16  0:37  Gateway  
  16  0:41  Assimilator  
  16  0:47  Probe  
  17  0:59  Probe (Chrono Boost)  
  18  1:11  Probe (Chrono Boost)  
  19  1:16  Probe (Chrono Boost)  
  20  1:25  Probe  
  20  1:29  Assimilator  
  20  1:30  Zealot  
  20  1:32  Cybernetics Core  
  23  1:43  Pylon  
  23  1:56  Probe  
  23  2:03  Gateway  
  23  2:05  Stalker (Chrono Boost)  
  25  2:28  Stalker  
  26  2:31  Shield Battery  
  24  2:59  Nexus  
Show
View Real Time Build Order
Export as new Build Order

SueGhan Protoss - Winner!

Build Orders: Cannon Rush 

Get SALT Encoding   

  12  0:03  Probe  
  13  0:16  Probe  
  13  0:18  Pylon  
  14  0:28  Probe  
  15  0:40  Probe  
  15  0:42  Forge  
  16  1:07  Pylon  
  16  1:08  Pylon  
  16  1:18  Pylon  
  16  1:20  Pylon  
  16  1:26  Photon Cannon  
  16  1:28  Gateway  
  16  1:39  Pylon  
  16  1:43  Probe  
  17  1:58  Photon Cannon  
  17  1:59  Photon Cannon  
  17  2:10  Photon Cannon  
  17  2:13  Zealot (Chrono Boost)  
  19  2:24  Photon Cannon  
  19  2:37  Photon Cannon  
  19  2:42  Photon Cannon  
  19  2:44  Pylon  
  19  2:49  Zealot (Chrono Boost)  
  21  3:04  Probe  
  22  3:08  Cybernetics Core  
  20  3:30  Photon Cannon  
  20  3:31  Photon Cannon  
  20  3:43  Assimilator  
Tags
 
Add a new tag
Caveats
  • Supply blocks, unpowered buildings, or Contaminate may cause inaccurate times.
  • Supply counts are checked every 10 seconds.